 Dungeon Crawl Stone Soup version 0.26.1-11-gd32895ea62 (webtiles) character file.

Game seed: 1866975782607916288

14 Silvore the Ducker (level 2, 0/22 HPs)
             Began as a Demonspawn Gladiator on June 30, 2021.
             Slain by a goblin (1 damage)
             ... on level 1 of the Dungeon.
             The game lasted 00:00:40 (557 turns).

Silvore the Ducker (Demonspawn Gladiator)            Turns: 557, Time: 00:00:40

Health: 0/22       AC:  3    Str: 14    XL:     2   Next: 27%
Magic:  0/2        EV: 13    Int:  9    God:
Gold:   20         SH:  0    Dex: 14    Spells: 1/1 levels left

rFire    . . .     SeeInvis .   (no weapon)
rCold    . . .     Faith    .   (no shield)
rNeg     . . .     Spirit   +   b - +0 leather armour
rPois    .         Reflect  .   (no helmet)
rElec    .         Harm     .   (no cloak)
rCorr    .         Rampage  .   (no gloves)
Will     .....                  (no boots)
Stlth    +.........             (no amulet)
HPRegen  0.07/turn              (no ring)
MPRegen  0.08/turn              (no ring)

@: no status effects
A: magic shield
a: no special abilities


You were on level 1 of the Dungeon.
You visited 1 branch of the dungeon, and saw 1 of its levels.

You collected 20 gold pieces.

Inventory:

Missiles
 d - 3 throwing nets (quivered)
Armour
 b - a +0 leather armour (worn)
 c - a +0 helmet
Jewellery
 e - an uncursed amulet of regeneration {unknown}
Scrolls
 f - 3 scrolls of teleportation {unknown}
 g - 3 scrolls of identify {unknown}
 h - a scroll of fog {unknown}
Potions
 i - a potion of curing {unknown}


   Skills:
 + Level 2.0 Fighting
 + Level 3.0 Long Blades
 + Level 1.8 Throwing
 + Level 0.1 Armour
 + Level 3.0 Dodging


You had one spell level left.
You didn't know any spells.
Your spell library was empty.

Dungeon Overview and Level Annotations

Branches:
Dungeon (1/15)

Altars:


Innate Abilities, Weirdness & Mutations

When hurt, damage is shared between your health and your magic reserves.


Message History

The bat barely misses you.
The hobgoblin hits you but does no damage.
The kobold hits you but does no damage. The rat bites you.
* * * LOW HITPOINT WARNING * * *
The goblin completely misses you.
You finish taking off your +0 helmet.
The bat hits you but does no damage. The hobgoblin completely misses you.
The rat misses you. The kobold misses you. The goblin barely misses you.
The bat hits you but does no damage. The hobgoblin hits you with a +0 club.
* * * LOW HITPOINT WARNING * * *
The bat misses you. The kobold misses you. The rat closely misses you.
The goblin misses you.
The bat hits you but does no damage. x2; The hobgoblin closely misses you.
The kobold hits you but does no damage. The rat bites you.
* * * LOW HITPOINT WARNING * * *
The goblin closely misses you. The bat completely misses you.
The bat closely misses you. The hobgoblin barely misses you.
The kobold barely misses you. The rat bites you. The goblin hits you.
You die... ##≈≈≈#### ## #.# #.... #PPP#

.#. ###.###.... ###### #.#
#.......... #.# #.#
#.#.####.## #.# #.# #.#.#
#.## ..# #.# #.#.# #... #.#
####?## #.#.# ####
#.###########!.>.r#####.#.#
#
#..............b@K........#
#.###########...gg....#.###
..# #.....###.#... ..#
#.....# #.###.# #.#
..##..## #.# .# #.# ##.
#..# #.. . #.# # #..# ### #
#.# .... #.#.#


You could see a hobgoblin, a goblin, a bat, a kobold and a rat.

Vanquished Creatures
  A dart slug (D:1)
  2 leopard geckos (D:1)
  A goblin (D:1)
  A hobgoblin (D:1)
  A bat (D:1)
  3 frilled lizards (D:1)
  A kobold (D:1)
  A rat (D:1)
11 creatures vanquished.

Notes
Turn   | Place    | Note
-------+----------+-------------------------------------------
     0 | D:1      | Silvore the Demonspawn Gladiator began the quest for the
                  | Orb.
     0 | D:1      | Reached XP level 1. HP: 16/16 MP: 1/1
   282 | D:1      | Gained mutation: When hurt, damage is shared between your
                  | health and your magic reserves. [demonic ancestry]
   282 | D:1      | Reached XP level 2. HP: 19/22 MP: 2/2
   556 | D:1      | HP: 1/22 [rat (1)]
   557 | D:1      | Slain by a goblin

Illustrated notes

Levels and vault maps discovered:
D:1:      tarquinn_simple_flora_water_e, layout_loops_ring

Skill      XL: |  1 |
---------------+----+-----
Long Blades    | 3 |  3.0
Dodging        | 3 |  3.0
Fighting       | |  2.0
Throwing       | |  1.8
Armour         | |  0.1

Action                   || total
-------------------------++-------
Melee: Long sword        ||    31
Armor: Leather armour    ||    20
Dodge: Dodged            ||    60
       Rpst.: Long sword ||     7
